 Dungeon Crawl Stone Soup version 0.17.1-3-g152610e (webtiles) character file.

257 Goblin1989 the Twirler (level 6, 0/35 HPs)
             Began as a Gargoyle Gladiator on Feb 28, 2016.
             Slain by Alakolaz's ghost (1 damage)
             ... on level 3 of the Dungeon.
             The game lasted 00:07:05 (1937 turns).

Goblin1989 the Twirler (Gargoyle Gladiator)         Turns: 1937, Time: 00:07:05

Health: 0/35       AC:  8    Str: 19    XL:     6   Next: 16%
Magic:  6/6        EV: 12    Int:  8    God:
Gold:   99         SH:  0    Dex: 12    Spells: 0 memorised, 5 levels left

rFire  . . .     SeeInvis .     a - +0 quarterstaff
rCold  . . .     Clarity  .     b - +0 leather armour
rNeg   + . .     SustAt   .     (shield currently unavailable)
rPois  ∞         Gourm    .     c - +0 helmet
rElec  +         Spirit   .     (no cloak)
rCorr  .         Warding  .     (no gloves)
rMut   .         Stasis   .     (no boots)
MR     .....                    (no amulet)
Stlth  +.........               (no ring)
                                (no ring)

@: not resistant to hostile enchantments, very unstealthy
A: negative energy resistance 1, electricity resistance, unbreathing,
petrification resistance, rot immunity, AC +4
a: no special abilities


You were on level 3 of the Dungeon.
You were hungry.

You visited 1 branch of the dungeon, and saw 3 of its levels.

You collected 99 gold pieces.

Inventory:

Hand Weapons
 a - a +0 quarterstaff (weapon)
Missiles
 d - 2 throwing nets (quivered)
Armour
 b - a +0 leather armour (worn)
 c - a +0 helmet (worn)
Wands
 f - a wand of hasting (1)
Scrolls
 i - a scroll of random uselessness {unknown}
 j - 3 scrolls of identify {unknown}
 k - a scroll of recharging {unknown}
Potions
 g - a potion of brilliance
 h - 3 potions of curing
 l - a potion of might {unknown}
 m - a potion of degeneration {unknown}
Comestibles
 e - a bread ration


   Skills:
 - Level 2.1 Fighting
 * Level 6.7 Staves
 - Level 1.7 Throwing
 - Level 2.4 Dodging


You had 5 spell levels left.
You didn't know any spells.

Dungeon Overview and Level Annotations

Branches:
Dungeon (3/15)

Altars:
Fedhas

Annotations:
D:3 Alakolaz's ghost, amateur TrFi


Innate Abilities, Weirdness & Mutations

You are resistant to torment.
Your stone body is resilient (AC +4).
You are immune to poison.
You resist negative energy.
You are resistant to electric shocks.
You can survive without breathing.
You are immune to petrification.
You are immune to rotting.


Message History

Pain shoots through your body!
* * * LOW HITPOINT WARNING * * *
Alakolaz's ghost barely misses you.
You hit Alakolaz's ghost.
Alakolaz's ghost is heavily damaged.
The bat closely misses you. The jackal barely misses you.
The orc hits you but does no damage.
The jackal bites you but does no damage.
The orc barely misses you. The orc priest barely misses you.
Alakolaz's ghost hits you!
* * * LOW HITPOINT WARNING * * *
You closely miss Alakolaz's ghost.
Alakolaz's ghost is heavily damaged.
The jackal closely misses you. The bat barely misses you.
The jackal bites you but does no damage.
The orc hits you but does no damage. The orc barely misses you.
The jackal closely misses you.
The orc priest hits you but does no damage.
Alakolaz's ghost hits you.
You die...

.)........+....
#.......<#.### ##
#........#.### ...
#........#..#. ....
#........##.#.
.....#######...)...(##†#.
............######.###†..
.........o...............
......bo@Wh........####..
.......ohho........# ##.
........o...######## #.
.............. ..
................ ..
................ .
####............
#.........b.?


You could see an orc priest, an orc wizard, Alakolaz's ghost, 3 orcs, 3 jackals
and 2 bats.

Vanquished Creatures
  Sigmund (D:2)
  2 adders
  2 worms (D:2)
  2 giant geckos (D:1)
  3 ball pythons
  10 goblins
  10 hobgoblins
  10 jackals
  8 kobolds
  2 quokkas
  5 bats
  2 giant cockroaches
  4 giant newts
  8 rats
69 creatures vanquished.

Notes
Turn   | Place    | Note
--------------------------------------------------------------
     0 | D:1      | Goblin1989 the Gargoyle Gladiator began the quest for the Orb.
     0 | D:1      | Reached XP level 1. HP: 12/12 MP: 1/1
   116 | D:1      | Reached XP level 2. HP: 12/17 MP: 2/2
   630 | D:1      | Reached skill level 4 in Staves
   653 | D:1      | Reached XP level 3. HP: 21/21 MP: 3/3
   853 | D:2      | Found a blossoming altar of Fedhas.
   853 | D:2      | Noticed Sigmund
  1044 | D:2      | Reached XP level 4. HP: 7/26 MP: 4/4
  1099 | D:2      | Killed Sigmund
  1099 | D:2      | Reached skill level 6 in Staves
  1099 | D:2      | Reached XP level 5. HP: 9/30 MP: 5/5
  1583 | D:2      | Reached XP level 6. HP: 28/35 MP: 6/6
  1615 | D:2      | Found a faded altar to an unknown god.
  1926 | D:3      | Noticed Alakolaz's ghost (amateur TrFi)
  1936 | D:3      | HP: 1/35 [Alakolaz's ghost (9)]
  1937 | D:3      | Slain by Alakolaz's ghost

Action                   |  1- 3 |  4- 6 || total
-------------------------+-------+-------++-------
Melee: Quarterstaff      |   119 |   111 ||   230
Throw: Throwing net      |       |     1 ||     1
  Use: Potion            |       |     3 ||     3
 Stab: Held in net/web   |       |     1 ||     1
       Distracted        |       |     1 ||     1
  Eat: Chunk             |       |     3 ||     3
